 Dungeon Crawl Stone Soup version 0.16-a0-3770-gc215ce9 (webtiles) character file.

49 TIT the Chucker (level 3, -2/20 HPs)
             Began as a Tengu Arcane Marksman on Jan 24, 2015.
             Killed from afar by Ijyb (8 damage)
             ... with a wand of frost
             ... on level 2 of the Dungeon.
             The game lasted 00:06:04 (1638 turns).

TIT the Chucker (Tengu Arcane Marksman)             Turns: 1638, Time: 00:06:04

Health: -2/20      AC:  2    Str: 11    XL:     3   Next: 75%
Magic:  4/5        EV: 12    Int: 13    God:
Gold:   83         SH:  0    Dex: 14    Spells: 1 memorised, 3 levels left

rFire  . . .     SeeInvis .     k - +0 short sword
rCold  . . .     Clarity  .     a - +0 robe
rNeg   . . .     SustAb   .     (no shield)
rPois  .         Gourm    .     (helmet restricted)
rElec  .         Spirit   .     (no cloak)
rCorr  .         Warding  .     (no gloves)
rMut   .         Stasis   .     (boots unavailable)
MR     .....                    (no amulet)
Stlth  +.........               (no ring)
                                (no ring)

@: not resistant to hostile enchantments, very unstealthy
A: beak, talons 3, high mp 1
a: no special abilities


You were on level 2 of the Dungeon.
You were not hungry.

You visited 1 branch of the dungeon, and saw 2 of its levels.

You collected 83 gold pieces.

Inventory:

Hand weapons
 k - a +0 short sword (weapon)
 l - a +0 dagger
Missiles
 c - a throwing net
 h - a javelin (quivered)
 q - 5 stones
Armour
 a - a +0 robe (worn)
Jewellery
 g - an uncursed ring of ice {unknown}
 o - an uncursed amulet of faith {unknown}
Scrolls
 b - a scroll of teleportation
 e - a scroll of remove curse {unknown}
 n - a scroll of recharging {unknown}
Potions
 j - a potion of might
 p - a potion of restore abilities
Books
 d - a book of Debilitation

   Spells                             Type                      Level
   a - Corona                         Hexes                        1
   b - Slow                           Hexes                        2
   c - Inner Flame                    Hexes/Fire                   3
   d - Enslavement                    Hexes                        4
   e - Cause Fear                     Hexes                        4
   f - Leda's Liquefaction            Hexes/Earth                  4
Comestibles
 f - a bread ration
 i - a slice of pizza
 m - 2 chunks of flesh


   Skills:
 - Level 1.0 Fighting
 + Level 2.6 Short Blades
 - Level 3.2 Throwing
 - Level 2.1 Dodging
 - Level 1.0 Spellcasting
 - Level 2.1 Hexes


You had 3 spell levels left.
You knew the following spells:

 Your Spells              Type           Power        Failure   Level  Hunger
a - Corona                Hex            #......      14%         1    ##.....


Dungeon Overview and Level Annotations

Branches:
Dungeon (2/15)

Altars:

Annotations:
D:2 Ijyb


Innate Abilities, Weirdness & Mutations

You have a beak for a mouth.
You have claws for feet.
You have an increased reservoir of magic (+10% MP).


Message History

Ijyb is outlined in light.
Throwing (i - inventory. (,) - cycle):
h - 4 javelins (quivered)
Press: ? - help, Shift-Dir - straight line, f/p - Ijyb
Aim: Ijyb, carrying a wand of frost {zapped: 1} (softly glowing)
You throw a javelin. The javelin barely misses Ijyb.
Ijyb zaps a wand.
The puff of frost hits you!
Ouch! That really hurt!
* * * LOW HITPOINT WARNING * * *
Throwing (i - inventory. (,) - cycle):
h - 3 javelins (quivered)
Press: ? - help, Shift-Dir - straight line, f/p - Ijyb
Aim: Ijyb, carrying a wand of frost {zapped: 2} (softly glowing)
You throw a javelin. The javelin closely misses Ijyb.
Ijyb screams, "No!
No, no, no, no!"
Throwing (i - inventory. (,) - cycle):
h - 2 javelins (quivered)
Press: ? - help, Shift-Dir - straight line, f/p - Ijyb
Aim: Ijyb, carrying a wand of frost {zapped: 2} (softly glowing)
You throw a javelin. The javelin hits Ijyb.
Ijyb is lightly wounded.
Ijyb zaps a wand.
The puff of frost hits you!
You die...

. ##. #.? #.. #(. #..
#.. #.g#### #..@..#
#.###.# ##### #
#.##########....
#.#........#.###
#.#.######.#.#..
#.#.######.#.#.#
#.......##.#.#.#
##.#####.###.##.#.#..
.................>###


You could see Ijyb.

Vanquished Creatures
  An adder (D:1)
  A giant gecko (D:1)
  An ooze (D:1)
  6 bats
  8 goblins
  6 hobgoblins
  4 kobolds
  A giant newt (D:1)
  7 rats
35 creatures vanquished.

Notes
Turn   | Place    | Note
--------------------------------------------------------------
     0 | D:1      | TIT, the Tengu Arcane Marksman, began the quest for the Orb.
     0 | D:1      | Reached XP level 1. HP: 12/12 MP: 2/2
   118 | D:1      | Reached XP level 2. HP: 14/16 MP: 2/4
   129 | D:1      | Reached skill level 3 in Throwing
   390 | D:1      | Reached skill level 1 in Short Blades
   632 | D:1      | Reached XP level 3. HP: 12/20 MP: 3/5
  1412 | D:2      | Gained mutation: You have an increased reservoir of magic (+10% MP). [potion of beneficial mutation]
  1634 | D:2      | Noticed Ijyb
  1638 | D:2      | Killed from afar by Ijyb

Action                   || total
-------------------------++-------
Melee: Unarmed           ||    23
       Short sword       ||    44
Throw: Javelin           ||    31
       Throwing net      ||     2
 Cast: Corona            ||    36
  Use: Scroll            ||     4
       Potion            ||     1
  Eat: Chunk             ||     4
